Rhyshalcon, lawful female dwarven Valkyrie ------- ------ ------- |.....| |....-# ##-%....| |.....| |....|### # |.....| #......| |....| # ### |.....| ###|...>.| |.(...#### ----- # |.....| # #......| -------------- |....| #....-### |.....| ### -----.- |.[[[)[[[[[[[| -.---- #|..%| -----.- # # #-.[)[)[[[[[.[| # #-...| #### # ###|.[))[[[)[[.[| |...| #### ### # -------------- ----- # # # ### #### ### # -.-|- # ### |...| -.---# |<..| |...|# |.... |..>-# ----- |.^.| ----- Rhyshalcon the Fighter Experience level: 7 Strength: 15 Dexterity: 13 Constitution: 18 Intelligence: 10 Wisdom: 10 Charisma: 11 Health: 71(71) Energy: 11(11) Def: 12 Gold: 489 Moves: 4038 Dungeon seed: uO4Q07t1pTf8YprB Game ID: Rhyshalcon_1513309668 Your Inventory: Coins $ - 489 gold pieces Weapons a - an uncursed +2 long sword (weapon in hand) b - an uncursed +0 dagger v - 19 uncursed +0 darts (in quiver) Armor e - an uncursed +3 small shield (being worn) n - an uncursed +0 pair of water walking boots (being worn) q - a cursed -1 dwarvish mithril-coat (being worn) y - an uncursed +1 helm of brilliance (being worn) Comestibles c - 2 uncursed food rations o - an uncursed fortune cookie p - an uncursed lichen corpse T - an uncursed lizard corpse Spellbooks R - an uncursed spellbook of knock Potions k - a potion of unholy water r - an uncursed potion of water Rings f - an uncursed ring of fire immunity (on right hand) s - a cursed ring of fire immunity u - an uncursed -7 ring of adornment D - an uncursed ring of slow digestion (on left hand) Wands A - an uncursed wand of cold (0:6) B - an uncursed wand of nothing (0:3) C - an uncursed wand of fire (0:3) I - an uncursed wand of slow monster (0:3) Tools d - an uncursed oil lamp (0:1104) H - an uncursed wax candle (0:400) Q - an uncursed bag of tricks (0:15) S - an uncursed oil lamp (0:1324) Spells and supernatural/magical abilities: Spells marked with '*' are forgotten. Spells marked with '!' are maintained. Spells marked with '#' are aliased with 'castalias'. Name Level Category Fail Memory a - force bolt 1 attack 100% 99% f - fireball 4 attack 100% 99% G - detect treasure 4 divination 100% 100% M - magic mapping 5 divination 100% 99% W - pray for help -- divine ? -- Your skills at the end: Fighting Skills wands [Basic] Weapon Skills dagger [Basic] long sword [Expert] Spellcasting Skills Final Attributes: You were immune to fire. You were immune to cold. You were blinded. You saw invisible. You had infravision. You were stealthy. You could walk on water. You had slower digestion. You were fast. You last prayed 1469 turns ago. You survived. Vanquished creatures: 2 small mimics 2 leprechauns 3 giant spiders a gnome king a gold golem a lizard a dog a dingo 2 ravens a human zombie a rock mole a pony a yellow light 7 elf zombies a ghoul a little dog 2 kittens a homunculus 2 kobold lords 5 hill orcs 2 rothes a rabid rat a monkey 2 orc zombies 2 wererats an iguana 2 killer bees a coyote a hobbit 3 manes 3 hobgoblins 5 giant rats 2 cave spiders a brown mold a yellow mold a green mold a red mold 15 gnomes 4 gnome zombies 9 jackals a fox 2 kobolds 2 goblins 6 sewer rats 2 grid bugs 3 lichens a kobold zombie 10 newts 122 creatures vanquished. Voluntary challenges: You used a wielded weapon 175 times, starting on turn 76. You read items or engraved 68 times, starting on turn 2859. You never genocided any monsters. You never polymorphed an object. You never changed form. You used no wishes. You never split a pudding. You never wrote Elbereth's name. You never violated your personal moral code. Dungeon overview: The Dungeons of Doom: levels 1 to 6 Level 1 a vault a long staircase Level 2 a fountain Level 3 <- You were here an armor shop, a vault stairs to The Gnomish Mines Level 4 a vault Level 5 a fountain Level 6 a fountain The Gnomish Mines: levels 4 to 11 Level 4 stairs to The Dungeons of Doom Level 5 Level 6 some shops, a temple to Loki, some fountains Level 7 Level 8 Level 9 Level 10 Level 11 History has recorded: On T:1 you entered the Dungeons of Doom to retrieve the Amulet of Yendor! On T:509 you advanced to experience level 2. On T:514 you reached level 2 of The Dungeons of Doom. On T:919 you advanced to experience level 3. On T:962 you reached level 3 of The Dungeons of Doom. On T:1136 you reached level 1 of The Gnomish Mines. On T:1215 you advanced to experience level 4. On T:1308 you reached level 4 of The Dungeons of Doom. On T:1583 you advanced to experience level 5. On T:1636 you reached level 5 of The Dungeons of Doom. On T:1946 you reached level 6 of The Dungeons of Doom. On T:2803 you reached level 2 of The Gnomish Mines. On T:2933 you reached level 3 of The Gnomish Mines. On T:3073 you advanced to experience level 6. On T:3313 you reached level 4 of The Gnomish Mines. On T:3400 you reached level 5 of The Gnomish Mines. On T:3555 you reached level 6 of The Gnomish Mines. On T:3603 you reached level 7 of The Gnomish Mines. On T:3628 you reached level 8 of The Gnomish Mines. On T:3783 you advanced to experience level 7. Score breakdown: Gold: 489 ( 9151 points) Experience: 7 levels (13645 points) Exploration: 11 levels ( 23.91%) (14142 points) Discoveries: 28 items ( 11.24%) (10060 points) Valuables value: (no points given unless you survive) Artifact value: 0 ( 0 points) Variety of kills: 48 monsters ( 12.63%) (10662 points) Turncount: 4038 turns (-1038 points) Survival: quit (score multiplied by 90%) Total score: 50959 Latest messages: You are blinded by a blast of light! Where do you want to travel to? Where do you want to travel to? "Velkommen, Rhyshalcon! Welcome again to Tirebolu's used armor dealership!" You can't see! (You can feel around with 'grope', typically on ^G.) (7x) You try to feel what is lying here on the floor. You feel here a scale mail (55 zorkmids) {250}. You can't see! (You can feel around with 'grope', typically on ^G.) (2x) You try to feel what is lying here on the floor. You can't see! (You can feel around with 'grope', typically on ^G.) (3x) You drop a poisoned +0 dart of lightning. You sold a poisoned +0 dart of lightning for 52 gold pieces. You drop an elven mithril-coat. You sold an elven mithril-coat for 120 gold pieces. You can't see! (You can feel around with 'grope', typically on ^G.) (5x) Use the 'moveonly' command to move into a remembered wall. Final status: Farvel Rhyshalcon the Valkyrie, quit... You quit in The Dungeons of Doom on dungeon level 3 with 50959 points, and 489 pieces of gold, after 4038 moves. You were level 7 with a maximum of 71 hit points when you quit.